 Dungeon Crawl Stone Soup version 0.31.0-11-ge490571c62 (webtiles) character file.

Game seed: 5870177305535616268

361 qw the Ducker (level 6, -6/31 HPs)
             Began as a Spriggan Hunter on Feb 4, 2024.
             Mangled by a kobold brigand
             ... wielding a +0 short sword
              (8 damage)
             ... in a sewer.
             The game lasted 00:00:09 (2604 turns).

qw the Ducker (Spriggan Hunter)                     Turns: 2604, Time: 00:00:10

Health: -6/31      AC:  5    Str:  7    XL:     6   Next: 38%
Magic:  7/7        EV: 22    Int: 10    God:
Gold:   107        SH:  0    Dex: 21    Spells: 5/5 levels left

rFire   + . .        a - +1 shortbow
rCold   + . .        (shield currently unavailable)
rNeg    + . .        f - +1 robe {rC+ rF+}
rPois   .            (helmet restricted)
rElec   .            h - +1 cloak
rCorr   .            (gloves unavailable)
SInv    +            (boots unavailable)
Will    +....        (no amulet)
Stlth   ++           g - ring of positive energy
HPRegen 0.25/turn    (no ring)
MPRegen 0.10/turn

%: no passive effects
@: very quick
A: very small, no large weapons, unfitting armour, see invisible, speed 3
a: no special abilities


You were in a sewer.
You visited 1 branch of the dungeon, and saw 4 of its levels.
You also visited: Sewer.

You collected 107 gold pieces.


Innate Abilities, Weirdness & Mutations

You are very small and have problems with some larger weapons.
You are too small for most types of armour.
You have supernaturally acute eyesight. (SInv)
You cover ground extremely quickly. (Speed+++)


   Skills:
 - Level 2.3 Fighting
 + Level 6.0 Ranged Weapons
 - Level 6.2 Dodging
 - Level 1.5 Stealth


You had 5 spell levels left.
You didn't know any spells.
Your spell library was empty.

Inventory:

Hand Weapons
 a - a +1 shortbow (weapon)
Armour
 f - a +1 robe of resistance (worn)
 h - a +1 cloak (worn)
Jewellery
 g - a ring of positive energy (left hand)
Wands
 e - a wand of polymorph (11)
Potions
 c - a potion of invisibility {unknown}
 d - 6 potions of curing
 i - a potion of might {unknown}
 j - a potion of enlightenment {unknown}
 l - 3 potions of heal wounds {unknown}

Dungeon Overview and Level Annotations

Branches:
Dungeon (4/15)              Sewer (1/1)
 Temple: D:4-7

Altars:
Nemelex Xobeh
Yredelemnul


Message History

You shoot an arrow.
The arrow barely misses the kobold brigand.
The kobold brigand hits you with a +0 short sword.
The kobold closely misses you.
You shoot an arrow.
The arrow hits the kobold brigand but does no damage.
The kobold brigand is moderately wounded.
The kobold brigand closely misses you. The kobold misses you.
You shoot an arrow. The arrow hits the kobold brigand.
The kobold brigand is heavily wounded.
The kobold brigand hits you but does no damage.
The kobold closely misses you.
The kobold brigand hits you with a +0 short sword.
The kobold completely misses you.
You shoot an arrow.
The arrow completely misses the kobold brigand.
The kobold brigand misses you. The kobold hits you but does no damage.
You shoot an arrow.
The arrow barely misses the kobold brigand.
The kobold brigand closely misses you. The kobold misses you.
You shoot an arrow.
The arrow hits the kobold brigand but does no damage.
The kobold brigand is heavily wounded.
The kobold brigand hits you with a +0 short sword.
The kobold barely misses you.
You shoot an arrow.
The arrow closely misses the kobold brigand.
The kobold brigand hits you with a +0 short sword.
The kobold completely misses you.
You shoot an arrow.
The arrow hits the kobold brigand but does no damage.
The kobold brigand is heavily wounded.
The kobold brigand barely misses you. The kobold hits you with a +0 club.
You shoot an arrow.
The arrow closely misses the kobold brigand.
The kobold brigand misses you. The kobold barely misses you.
You shoot an arrow.
The arrow completely misses the kobold brigand.
The kobold brigand hits you with a +0 short sword!
You die...

#~~~#.\\# #~~~'...#
######~~~######
#!.!.#~~~#....#
#..\.#~~~#.\..#
#....#~~~#....#
#.)..#~~~#....#
###KK##~~~##))##
###...@.#~~~#..).#
#.......#~~~#~...###
#.......#~~~~~~....#
#.....%.#~~~~~~...##
#...P..P#~~~#P~...##
#.....~~#~~~#~~....#
#....~~P#~~~#..P...#
#......~~~~~~#......#
#......~~~~~~#......#


You could see a kobold brigand and a kobold.

Vanquished Creatures
  2 kobold brigands (Sewer)
  A bombardier beetle (D:3)
  An orc priest (D:3)
  Ijyb (D:3)
  2 orc wizards (D:3)
  4 adders
  A dart slug (D:2)
  An orc (D:3)
  8 bats
  5 giant cockroaches
  4 hobgoblins
  7 jackals (D:2)
  8 kobolds
  2 quokkas (D:4)
  7 ball pythons
  4 frilled lizards
  10 rats
68 creatures vanquished.

Notes
Turn   | Place    | Note
-------+----------+-------------------------------------------
     0 | D:1      | qw the Spriggan Hunter began the quest for the Orb.
     0 | D:1      | Reached XP level 1. HP: 10/10 MP: 2/2
     0 | D:1      | 0 ||| qw: Version: 0.3-a-160-g6735b56
     0 | D:1      | 0 ||| qw: Game counter: 4656
     0 | D:1      | 0 ||| qw: Melee chars always use a shield: true
     0 | D:1      | 0 ||| qw: God list: Okawaru
     0 | D:1      | 0 ||| qw: Allow faded altars: false
     0 | D:1      | 0 ||| qw: Do Orc after clearing Dungeon:15 true
     0 | D:1      | 0 ||| qw: Do second Lair branch before Depths: true
     0 | D:1      | 0 ||| qw: Lair rune preference: random
     0 | D:1      | 0 ||| qw: Goals: Normal
     0 | D:1      | 0 ||| PLANNING D:1-11
   315 | D:1      | Reached skill level 3 in Dodging
   623 | D:1      | 623 ||| DROPPING ring of magical power.
   624 | D:1      | 624 ||| UPGRADING to ring of positive energy.
   625 | D:1      | 625 ||| READING scroll labelled KOLUSOSISA.
   726 | D:1      | 726 ||| READING scroll labelled COWKEM BAEF.
   726 | D:1      | 726 ||| ENCHANTING +0 shortbow.
   727 | D:1      | 727 ||| DRINKING 2 murky dark potions.
   728 | D:1      | 728 ||| DROPPING scroll of butterflies.
   833 | D:2      | Reached XP level 2. HP: 14/14 MP: 3/3
   877 | D:2      | Found a sparkling altar of Nemelex Xobeh.
  1045 | D:2      | Reached XP level 3. HP: 18/18 MP: 4/4
  1184 | D:2      | 1184 ||| READING scroll labelled PEEPAF DEMNARU.
  1184 | D:2      | 1184 ||| IDENTIFYING blue potion
  1185 | D:2      | 1185 ||| READING scroll labelled KUUGUKOIRI.
  1186 | D:2      | 1186 ||| DROPPING potion of attraction.
  1673 | D:3      | Noticed Ijyb
  1680 | D:3      | Killed Ijyb
  1681 | D:3      | Reached XP level 4. HP: 22/22 MP: 5/5
  1941 | D:3      | Reached XP level 5. HP: 26/26 MP: 6/6
  2252 | D:3      | 2252 ||| UPGRADING to +0 cloak.
  2257 | D:3      | 2257 ||| READING 2 scrolls labelled DOMOUH NAESMUR.
  2260 | D:3      | 2260 ||| READING scroll labelled PUANYE NOMYG.
  2261 | D:3      | 2261 ||| READING scroll labelled CEMEUFRYPNI.
  2262 | D:3      | 2262 ||| READING scroll labelled HERHE OMOEPLY.
  2262 | D:3      | 2262 ||| ENCHANTING +0 cloak.
  2269 | D:4      | 2269 ||| PLANNING SEWER
  2278 | D:4      | Found a basalt altar of Yredelemnul.
  2307 | D:4      | Found a glowing drain.
  2313 | D:4      | 2313 ||| UPGRADING to +1 robe of resistance.
  2316 | D:4      | 2316 ||| UPGRADING to +1 robe of resistance.
  2326 | D:4      | 2326 ||| DROPPING +0 robe.
  2340 | Sewer    | Entered a sewer
  2373 | Sewer    | Reached skill level 6 in Ranged Weapons
  2373 | Sewer    | Reached XP level 6. HP: 27/31 MP: 7/7
  2459 | Sewer    | HP: 7/31 [poisoned by a kobold brigand (curare-tipped
                  | dart)]
  2460 | Sewer    | 2460 ||| READING scroll of teleportation.
  2461 | Sewer    | HP: 1/31 [kobold brigand/+0 dagger (5)]
  2463 | Sewer    | Reached skill level 6 in Dodging
  2601 | Sewer    | HP: 3/31 [kobold brigand/+0 short sword (5)]
  2604 | Sewer    | Mangled by a kobold brigand

Levels and vault maps discovered:
D:1:      beargit_arrival_diablo_church, layout_loops_ring,
          grunt_decor_mini_mirrors
D:2:      layout_loops_ring, basic_altar, kennysheep_cross_bottleneck,
          serial_bayou_lagoon_a, minmay_misc_feat_four_crosses
D:3:      layout_loops_ring, uniq_ijyb
D:4:      layout_basic, mainiacjoe_overflow_small_starburst,
          minmay_temple_entry_large_hall, serial_forest,
          infiniplex_forest_clump_tiny, infiniplex_forest_end_2,
          infiniplex_forest_corner_1, infiniplex_forest_lined_3,
          infiniplex_forest_straight_2, infiniplex_forest_corner_1,
          infiniplex_forest_clump_large, portal_sewer_entry_f,
          nicolae_shop_fire_sale [nicolae_sub_dead_trees], uniq_duvessa,
          uniq_eustachio
Sewer:    kennysheep_pipe_town

Skill      XL: |  1  2  3  4  5  6 |
---------------+-------------------+-----
Dodging        | 3 4 5 6 |  6.2
Ranged Weapons | 5 6 |  6.0
Fighting       | 2 |  2.3
Stealth        | |  1.5

Action                     |  1- 3 |  4- 6 || total
---------------------------+-------+-------++-------
   Fire: Shortbow          |    98 |   121 ||   219
    Use: Scroll            |     4 |     5 ||     9
         Potion            |     1 |       ||     1
 Armour: Robe              |    15 |    31 ||    46
  Dodge: Dodged            |    51 |    70 ||   121

Table legend:
 A = Non-vault XP
 B = Vault XP
 C = Vault XP percentage of total XP
 D = Non-vault monster count
 E = Vault monster count
 F = Vault count percentage of total count
                 A         B        C        D         E       F
            +---------+---------+-------+---------+---------+-------
      Total |     267 |     250 |  48.4 |      49 |      19 |  27.9
            +---------+---------+-------+---------+---------+-------
        D:1 |       5 |       0 |   0.0 |       4 |       0 |   0.0
        D:2 |      77 |       0 |   0.0 |      25 |       0 |   0.0
        D:3 |     183 |      35 |  16.1 |      19 |       1 |   5.0
        D:4 |       2 |       8 |  80.0 |       1 |       4 |  80.0
      Sewer |       0 |     207 | 100.0 |       0 |      14 | 100.0
            +---------+---------+-------+---------+---------+-------
